Map: Triton LE

Players

Deadmouse

  • Race: Protoss Protoss
  • League: Silver
  • Spawn Location: 11:00

Ratl - Winner!

  • Race: Protoss Protoss
  • Spawn Location: 5:00

VOD

Have the link to the VOD?

Description

Time

  • Played on: Dec. 19, 2019, 8:16 p.m.
  • Length: 14:50
Show
View Real Time Build Order
Export as new Build Order

Deadmouse Protoss 

Build Orders:  

Get SALT Encoding   

  12  0:03  Probe (Chrono Boost)  
  13  0:13  Probe (Chrono Boost)  
  14  0:18  Probe (Chrono Boost)  
  15  0:28  Pylon  
  15  0:37  Assimilator  
  15  0:45  Pylon  
  15  0:51  Forge  
  15  0:52  Probe  
  16  1:04  Probe  
  17  1:14  Gateway  
  17  1:17  Probe  
  18  1:23  Gateway  
  18  1:34  Photon Cannon  
  18  1:44  Photon Cannon  
  18  2:06  Gateway  
  18  2:12  Cybernetics Core  
  18  2:13  Zealot  
  20  2:23  Pylon  
  20  2:31  Probe (Chrono Boost)  
  21  2:41  Probe (Chrono Boost)  
  21  2:42  Photon Cannon  
  22  2:46  Probe (Chrono Boost)  
  22  2:48  Zealot  
  25  2:53  Zealot  
  27  3:07  Gateway  
  27  3:11  Warp Gate  
  27  3:18  Assimilator  
  27  3:23  Zealot  
  29  3:29  Probe (Chrono Boost)  
  30  3:39  Probe (Chrono Boost)  
  31  3:43  Pylon  
  31  3:44  Probe (Chrono Boost)  
  31  3:48  Zealot  
  34  3:58  Twilight Council  
  34  4:06  Protoss Ground Weapons Level 1  
  34  4:21  Pylon  
  34  4:23  Zealot  
  36  4:29  Charge (Chrono Boost)  
  36  4:39  Zealot  
  38  4:48  Pylon  
  38  5:03  Stalker  
  38  5:05  Stalker  
  42  5:09  Stalker  
  44  5:15  Stalker  
  46  5:30  Zealot  
  46  5:33  Zealot  
  50  5:39  Nexus  
  50  5:56  Stalker  
  52  5:59  Stalker  
  52  6:01  Zealot  
  56  6:04  Zealot  
  40  7:07  Stalker  
  36  7:09  Stalker  
  36  7:11  Zealot  
  38  7:32  Zealot  
  38  7:34  Zealot  
  38  7:36  Stalker  
  30  7:52  Probe (Chrono Boost)  
  31  8:00  Pylon  
  31  8:03  Probe (Chrono Boost), Protoss Ground Armor Level 1  
  32  8:07  Stalker  
  32  8:08  Probe (Chrono Boost)  
  32  8:10  Zealot  
  31  8:19  Probe, Robotics Facility  
  32  8:31  Probe  
  32  8:32  Photon Cannon, Stalker  
  35  8:38  Stalker  
  37  8:42  Zealot  
  39  8:49  Stargate  
  39  9:00  Probe (Chrono Boost)  
  40  9:07  Protoss Air Weapons Level 1  
  40  9:09  Pylon  
  41  9:10  Probe (Chrono Boost)  
  42  9:19  Probe (Chrono Boost)  
  42  9:20  Assimilator  
  42  9:22  Stalker  
  42  9:24  Probe (Chrono Boost)  
  44  9:25  Stalker  
  44  9:29  Stalker  
  49  9:33  Probe  
  49  9:38  Immortal  
  54  9:45  Probe  
  55  9:57  Probe (Chrono Boost)  
  56  10:01  Void Ray  
  60  10:09  Probe (Chrono Boost)  
  61  10:18  Probe (Chrono Boost)  
  62  10:23  Probe  
  63  10:29  Cybernetics Core  
  63  10:35  Probe  
  63  10:38  Stargate  
  64  10:43  Pylon  
  64  10:47  Void Ray  
  57  11:26  Stalker  
  57  11:28  Stalker  
  51  11:41  Void Ray  
  51  11:44  Void Ray  
  55  11:54  Gateway  
  40  12:04  Forge  
  40  12:07  Probe (Chrono Boost)  
  34  12:18  Probe (Chrono Boost)  
  35  12:24  Void Ray  
  39  12:35  Pylon  
  39  12:39  Photon Cannon  
  39  12:42  Photon Cannon  
  39  12:49  Photon Cannon  
  39  13:00  Pylon  
  39  13:02  Void Ray  
  43  13:10  Assimilator  
  43  13:15  Void Ray  
  47  13:23  Pylon  
  47  13:39  Cybernetics Core  
  47  13:45  Probe (Chrono Boost)  
  49  13:55  Probe (Chrono Boost)  
  49  14:10  Nexus  
Show
View Real Time Build Order
Export as new Build Order

Ratl Protoss - Winner!

Build Orders:  

Get SALT Encoding   

  12  0:03  Probe  
  13  0:15  Probe  
  14  0:23  Pylon  
  14  0:27  Probe  
  15  0:43  Gateway  
  16  0:50  Probe (Chrono Boost)  
  16  1:00  Probe (Chrono Boost)  
  16  1:03  Gateway  
  17  1:05  Probe (Chrono Boost)  
  17  1:07  Assimilator  
  18  1:15  Assimilator  
  18  1:17  Probe  
  19  1:29  Probe  
  19  1:32  Cybernetics Core  
  20  1:41  Probe  
  21  1:53  Probe  
  22  2:01  Nexus  
  22  2:10  Probe  
  23  2:17  Pylon  
  23  2:35  Probe, Stalker x2  
  28  2:45  Pylon  
  28  2:47  Probe  
  28  3:01  Probe  
  28  3:02  Warp Gate (Chrono Boost)  
  29  3:12  Robotics Facility  
  29  3:13  Probe  
  30  3:26  Probe (Chrono Boost)  
  31  3:27  Probe (Chrono Boost), Assimilator  
  32  3:34  Stalker  
  32  3:35  Stalker  
  32  3:37  Probe (Chrono Boost)  
  32  3:38  Probe (Chrono Boost)  
  38  3:42  Probe (Chrono Boost)  
  39  3:52  Probe x2  
  41  3:58  Twilight Council  
  41  4:03  Observer  
  42  4:11  Probe  
  43  4:19  Probe  
  43  4:21  Assimilator  
  44  4:27  Stalker x2  
  44  4:30  Probe  
  49  4:40  Warp Prism  
  49  4:42  Probe  
  52  4:53  Pylon  
  52  4:54  Probe (Chrono Boost)  
  52  4:57  Pylon x2  
  53  5:06  Probe (Chrono Boost)  
  54  5:13  Probe (Chrono Boost)  
  55  5:17  Pylon  
  55  5:20  Probe, Pylon  
  56  5:27  Forge x2  
  56  5:29  Immortal  
  60  5:35  Robotics Bay  
  60  5:38  Gateway  
  60  5:40  Gateway  
  60  5:42  Gateway  
  60  5:44  Gateway  
  60  5:45  Gateway  
  60  5:50  Probe  
  61  6:02  Probe  
  62  6:06  Immortal (Chrono Boost)  
  62  6:07  Pylon, Nexus  
  62  6:10  Pylon, Protoss Ground Armor Level 1 (Chrono Boost)  
  66  6:13  Protoss Ground Weapons Level 1 (Chrono Boost)  
  66  6:21  Zealot  
  61  6:41  Zealot x2  
  61  6:42  Zealot x5  
  57  7:01  Colossus  
  57  7:06  Stalker x3  
  65  7:25  Stalker x2  
  65  7:26  Stalker  
  65  7:27  Zealot  
  73  8:07  Nexus  
  73  8:08  Pylon  
  73  8:10  Protoss Ground Armor Level 2 (Chrono Boost)  
  73  8:11  Protoss Shields Level 1 (Chrono Boost), Pylon  
  73  8:21  Immortal (Chrono Boost)  
  77  8:30  Stalker x3  
  83  8:52  Warp Prism  
  84  9:22  Stalker  
  84  9:23  Stalker x6  
  98  9:24  Observer  
  98  9:29  Probe x3  
  102  9:39  Charge (Chrono Boost)  
  102  9:40  Gravitic Drive  
  102  9:41  Probe x3  
  105  9:53  Probe x2  
  105  9:55  Stalker x3  
  105  9:56  Zealot  
  105  9:57  Zealot x3  
  121  10:04  Probe  
  121  10:05  Probe, Assimilator  
  123  10:07  Assimilator  
  123  10:37  Extended Thermal Lance  
  123  10:52  Stalker  
  125  10:57  Protoss Ground Armor Level 3 (Chrono Boost)  
  125  11:01  Protoss Ground Weapons Level 2 (Chrono Boost)  
  121  11:19  Pylon  
  113  11:32  Stalker x4  
  119  11:33  Zealot  
  119  11:34  Zealot x2  
  125  12:15  Blink  
  125  12:17  Probe  
  126  12:28  Zealot  
  126  12:29  Probe, Zealot x2  
  133  13:11  Pylon  
  133  13:15  Pylon x2  
  133  13:17  Pylon  
  133  13:26  Gravitic Boosters  
  133  13:28  Colossus  
  133  13:29  Probe  
  140  14:12  Stalker x3  
  140  14:13  Stalker x3  
  140  14:14  Zealot  
  128  14:37  Stalker x6  
  128  14:38  Stalker  
Tags
 
League
Silver
Matchup
PvP
Spawn Locations
Cross Positions
Add a new tag
Caveats
  • Supply blocks, unpowered buildings, or Contaminate may cause inaccurate times.
  • Supply counts are checked every 10 seconds.